 Dungeon Crawl Stone Soup version 0.22-a0-21-g9421e3f (console) character file.

89 puck the Covered (level 4, -12/36 HPs)
             Began as a Human Fighter on Jan 2, 2018.
             Mangled by a goblin
             ... wielding a +0 dagger of electrocution
              (14 damage)
             ... on level 3 of the Dungeon.
             The game lasted 00:15:16 (2390 turns).

puck the Covered (Human Fighter)                    Turns: 2390, Time: 00:15:17

Health: -12/36     AC:  7    Str: 18    XL:     4   Next: 84%
Magic:  4/4        EV:  7    Int:  8    God:
Gold:   162        SH:  9    Dex: 12    Spells: 3/3 levels left

rFire    . . .     SeeInvis .   a - +0 long sword
rCold    . . .     Gourm    .   c - +0 shield
rNeg     . . .     Faith    .   b - +0 scale mail
rPois    .         Spirit   .   (no helmet)
rElec    .         Reflect  .   (no cloak)
rCorr    .         Harm     .   (no gloves)
MR       .....                  (no boots)
Stlth    ..........             (no amulet)
HPRegen  0.12/turn              (no ring)
MPRegen  0.09/turn              (no ring)

@: no status effects
A: no striking features
a: no special abilities


You were on level 3 of the Dungeon.
You were not hungry.

You visited 1 branch of the dungeon, and saw 3 of its levels.

You collected 162 gold pieces.

Inventory:

Hand Weapons
 a - a +0 long sword (weapon)
Armour
 b - a +0 scale mail (worn)
 c - a +0 shield (worn)
Jewellery
 h - an uncursed ring of resist corrosion {unknown}
 m - an uncursed amulet of rage {unknown}
Wands
 q - a wand of random effects (35)
Scrolls
 g - 2 scrolls of enchant armour {unknown}
 i - a scroll of identify {unknown}
 n - a scroll of immolation {unknown}
Potions
 d - a potion of might
 e - a potion of flight {unknown}
 j - a potion of degeneration {unknown}
 l - a potion of agility {unknown}
 o - a potion of invisibility {unknown}
 p - a potion of experience {unknown}
Comestibles
 f - 9 rations
 k - 2 chunks of flesh


   Skills:
 + Level 3.6 Fighting
 + Level 2.8 Long Blades
 + Level 3.7 Armour
 + Level 3.6 Shields


You had 3 spell levels left.
You didn't know any spells.

Dungeon Overview and Level Annotations

Branches:
Dungeon (3/15)

Altars:
Xom


Message History

You see here a scroll labeled JUYGONG ZOHE.
The giant cockroach moves out of view.
There is a stone staircase leading up here.
You climb upwards.
There is a stone staircase leading down here.
Welcome back, puck the Human Fighter.
Press ? for a list of commands and other information.
You climb downwards.
The orc priest invokes the aid of Beogh against you.
Beogh smites you! You block the orc's attack.
The orc hits you but does no damage.
There is a stone staircase leading up here.
You closely miss the orc. You block the orc's attack.
You block the goblin's attack.
You hit the orc but do no damage. The orc hits you with a short sword.
The goblin hits you but does no damage.
You are electrocuted!
Ouch! That really hurt!
* * * LOW HITPOINT WARNING * * *
The orc hits you but does no damage.
The goblin hits you with a dagger of electrocution.
* * * LOW HITPOINT WARNING * * *
You are electrocuted!
You die...

▒.b ..▒ .. ... .. ..
. ▒.▒ .▒).▒▒▒▒▒▒▒▒
▒..▒........
▒o▒▒........ .
▒▒@▒▒...>....
...▒▒▒▒▒go▒▒.b......
.........s...)......
.▒▒▒▒o.▒▒▒.........
▒.▒▒ ▒.Ω.......
▒.▒▒▒▒.........
▒.▒▒...▒▒▒▒▒▒▒▒
▒.▒..▒▒▒ ▒s▒.▒▒
▒oo.▒ ▒........▒▒
▒▒▒o.......
▒..o...▒▒..▒
.....▒▒▒▒ ▒... .....
.... .... ... ▒▒▒▒
..


You could see an orc priest, 2 orcs, a giant cockroach and a goblin.

Vanquished Creatures
  An adder (D:2)
  2 oozes
  A worm (D:2)
  4 dart slugs (D:1)
  3 leopard geckos
  2 ball pythons
  6 giant cockroaches
  3 hobgoblins
  4 jackals (D:2)
  7 bats
  2 frilled lizards
  5 goblins
  10 kobolds
  5 rats
55 creatures vanquished.

Notes
Turn   | Place    | Note
-------+----------+-------------------------------------------
     0 | D:1      | puck the Human Fighter began the quest for the Orb.
     0 | D:1      | Reached XP level 1. HP: 18/18 MP: 1/1
   154 | D:1      | Reached XP level 2. HP: 18/24 MP: 2/2
   423 | D:1      | Reached XP level 3. HP: 26/29 MP: 3/3
  1151 | D:2      | Reached XP level 4. HP: 35/35 MP: 4/4
  2345 | D:3      | Found a shimmering altar of Xom.
  2389 | D:3      | HP: 2/36 [goblin/dagger of electrocution (20)]
  2390 | D:3      | Mangled by a goblin

Vault maps used:
D:1:      dpeg_arrival_tiny_a, hangedman_decor_growths, kennysheep_small_spiral
D:3:      xom_butterflies, first_ration, uniq_natasha

Action                   |  1- 3 |  4- 6 || total
-------------------------+-------+-------++-------
Melee: Long sword        |    95 |    86 ||   181
  Eat: Chunk             |     1 |     4 ||     5
Armor: Scale mail        |    33 |    49 ||    82
Dodge: Dodged            |    26 |    35 ||    61
Block: Shield            |    37 |    65 ||   102
       Rpst.: Long sword |     8 |     8 ||    16

Table legend:
 A = Spawn XP
 B = Non-spawn XP
 C = Spawn XP percentage of total XP
 D = Spawn monster count
 E = Non-spawn monster count
 F = Spawn count percentage of total count
 G = Total turns spent on level
                    A         B        C        D         E        F      G
               +---------+---------+-------+---------+---------+-------+---------
         Total |       0 |     128 |   0.0 |       0 |      55 |   0.0 |  2390
               +---------+---------+-------+---------+---------+-------+---------
           D:1 |       0 |      57 |   0.0 |       0 |      26 |   0.0 |  1022
           D:2 |       0 |      69 |   0.0 |       0 |      28 |   0.0 |  1325
           D:3 |       0 |       2 |   0.0 |       0 |       1 |   0.0 |    43
               +---------+---------+-------+---------+---------+-------+---------
